 Dungeon Crawl Stone Soup version 0.21-a0-344-g2144152 (webtiles) character file.

25 tidbits the Grave Robber (level 2, -6/11 HPs)
             Began as a Felid Necromancer on Oct 4, 2017.
             Killed from afar by Ijyb (12 damage)
             ... with a wand of flame (?/48)
             ... on level 3 of the Dungeon.
             The game lasted 00:03:57 (856 turns).

tidbits the Grave Robber (Felid Necromancer)         Turns: 856, Time: 00:03:58

Health: -6/11      AC:  1    Str:  4    XL:     2   Next: 86%
Magic:  6/6        EV: 18    Int: 16    God:
Gold:   30         SH:  0    Dex: 16    Spells: 3/5 levels left
                                        Lives:  0   Deaths: 0

rFire    . . .     SeeInvis +   a - book of Necromancy
rCold    . . .     Gourm    .   (shield unavailable)
rNeg     . . .     Faith    .   (armour unavailable)
rPois    .         Spirit   .   (helmet unavailable)
rElec    .         Reflect  .   (cloak unavailable)
rCorr    .         Harm     .   (gloves unavailable)
MR       .....                  (boots unavailable)
Stlth    +++.......             (no amulet)
HPRegen  0.03/turn              (no ring)
MPRegen  0.10/turn              (no ring)

@: quick
A: no armour, no weapons or thrown items, stealth, claws 1, fangs 3, see
invisible, carnivore 3, speed 1, shaggy fur 1, slow metabolism 1, sharp paws
a: no special abilities


You were on level 3 of the Dungeon.
You were not hungry.

You visited 1 branch of the dungeon, and saw 3 of its levels.

You collected 30 gold pieces.

Inventory:

Missiles
 e - 41 arrows
Scrolls
 g - a scroll of enchant armour {unknown}
Potions
 c - a potion of curing
 f - a potion of lignification
Books
 a - a book of Necromancy (in mouth)

   Spells                             Type                      Level
   a - Pain                           Necromancy                   1
   b - Animate Skeleton               Necromancy                   1
   c - Vampiric Draining              Necromancy                   3
   d - Regeneration                   Charms/Necromancy            3
   e - Animate Dead                   Necromancy                   4
   f - Control Undead                 Necromancy                   4
Comestibles
 b - 2 meat rations


   Skills:
 - Level 3.0 Dodging
 - Level 3.1 Stealth
 + Level 2.3 Spellcasting
 * Level 4.4 Necromancy


You had 3 spell levels left.
You knew the following spells:

 Your Spells              Type           Power        Failure   Level  Hunger
a - Pain                  Necr           ###.         3%          1    #......
n - Animate Skeleton      Necr           N/A          3%          1    #......


Dungeon Overview and Level Annotations

Branches:
Dungeon (3/15)

Altars:

Annotations:
D:2 exclusion: crimson imp
D:3 Ijyb


Innate Abilities, Weirdness & Mutations

You cannot wear armour.
You are incapable of wielding weapons or throwing items.
Your paws allow you to move quietly. (Stealth)
You have sharp claws.
You have razor-sharp teeth.
You have supernaturally acute eyesight. (SInv)
You are carnivorous and can eat meat at any time.
You cover ground quickly.
You are covered in fur. (AC +1)
You have a slow metabolism.
Your sharp claws are effective at attacking unaware monsters.


Message History

You swing at nothing.
You swing at nothing.
You swing at nothing.
You swing at nothing.
You swing at nothing.
You swing at nothing.
You swing at nothing.
You swing at nothing.
You swing at nothing.
You swing at nothing.
You swing at nothing.
Found a stone staircase leading down.
Found 8 gold pieces.
You now have 30 gold pieces (gained 8).
There is a stone staircase leading down here.
You climb downwards.
You hear the sound of rushing water.
There is an entrance to a sewer on this level.
Hurry and find it before the portal rusts away!
Ijyb the Twisted Goblin comes into view.
She is wielding an enchanted club.
Found a scroll labeled ARUBBA ONKOPH, a scale mail and a shield.
There is a stone staircase leading up here.
You climb upwards.
Level annotation: exclusion: crimson imp
There is a stone staircase leading down here.
Okay, then.
Unknown command.
As you read the scroll labeled ARUBBA ONKOPH, it crumbles to dust.
It is a scroll of identify.
c - a potion of curing
As you read the scroll of identify, it crumbles to dust.
f - a potion of lignification You swing at nothing.
You swing at nothing.
You swing at nothing.
You swing at nothing.
You swing at nothing.
You swing at nothing.
You swing at nothing.
You swing at nothing.
You swing at nothing.
You swing at nothing.
You swing at nothing.
You swing at nothing.
You swing at nothing.
You swing at nothing.
You swing at nothing.
You swing at nothing.
You swing at nothing.
You swing at nothing.
You swing at nothing.
You swing at nothing.
You swing at nothing.
You swing at nothing.
You swing at nothing.
You swing at nothing.
You swing at nothing.
You swing at nothing.
You swing at nothing.
You swing at nothing.
You swing at nothing.
You swing at nothing.
You swing at nothing.
You swing at nothing.
You swing at nothing.
You swing at nothing.
You swing at nothing.
You swing at nothing.
You swing at nothing.
You swing at nothing.
You swing at nothing.
You swing at nothing.
You swing at nothing.
You swing at nothing.
You swing at nothing.
You swing at nothing.
You swing at nothing.
You swing at nothing.
You swing at nothing.
You swing at nothing.
You swing at nothing.
You swing at nothing.
You swing at nothing.
You swing at nothing.
You swing at nothing.
You swing at nothing.
You swing at nothing.
You swing at nothing.
You swing at nothing.
You swing at nothing.
You swing at nothing.
You swing at nothing.
You climb downwards.
You hear the sound of rushing water.
There is an entrance to a sewer on this level.
Hurry and find it before the portal rusts away!
You hear the slow rusting of a very distant drain.
Level annotation: Ijyb Ijyb shouts!
You hear a shout!
Ijyb zaps a wand.
The puff of flame hits you!
Ouch! That really hurt!
You die...

# . # #.#
##. [#
#.#.#..
.#
#.[.#.#..
##..#.#.
###^.?...
g.......#
#.@#
#......#
##..#.##
#.. #.
#.. #. .#
.. .. ...


You could see Ijyb.

Vanquished Creatures
  A dart slug (D:1)
  2 giant cockroaches (D:1)
  6 goblins (D:1)
  2 hobgoblins (D:1)
  4 kobolds
  2 bats
  2 frilled lizards (D:1)
  3 rats (D:1)
22 creatures vanquished.

Notes
Turn   | Place    | Note
-------+----------+-------------------------------------------
     0 | D:1      | tidbits the Felid Necromancer began the quest for the Orb.
     0 | D:1      | Reached XP level 1. HP: 7/7 MP: 4/4
   271 | D:1      | Reached skill level 3 in Stealth
   348 | D:1      | Reached skill level 3 in Dodging
   348 | D:1      | Reached XP level 2. HP: 2/11 MP: 0/6
   351 | D:1      | Learned a level 1 spell: Animate Skeleton
   659 | D:2      | Noticed a crimson imp
   790 | D:3      | Noticed Ijyb
   856 | D:3      | Killed from afar by Ijyb

Vault maps used:
D:1:      lemuel_arrival_muddy
D:2:      lemuel_zombie_altar_yredelemnul, trog_hazing_becter
D:3:      amethyst_overflow_temple_binary, led_xom_imps, serial_forest,
          infiniplex_forest_clump_cross, infiniplex_forest_diagonal,
          infiniplex_forest_clump_C, infiniplex_forest_side_room,
          infiniplex_forest_straight_5, infiniplex_forest_end_double,
          infiniplex_forest_lined_room_3, gup_sewer_entry_bubbles,
          nicolae_ru_path_of_blood, uniq_sigmund, uniq_crazy_yiuf_cottage,
          uniq_ijyb

Skill      XL: |  1 |
---------------+----+-----
Stealth        | 3 |  3.1
Dodging        | 3 |  3.0
Spellcasting   | |  2.3
Necromancy     | |  4.4

Action                   || total
-------------------------++-------
Melee: Unarmed           ||     5
 Cast: Pain              ||    36
  Use: Scroll            ||     2
  Eat: Chunk             ||     3
Dodge: Dodged            ||     6

Table legend:
 A = Spawn XP
 B = Non-spawn XP
 C = Spawn XP percentage of total XP
 D = Spawn monster count
 E = Non-spawn monster count
 F = Spawn count percentage of total count
 G = Total turns spent on level
                    A         B        C        D         E        F      G
               +---------+---------+-------+---------+---------+-------+---------
         Total |       0 |      37 |   0.0 |       0 |      22 |   0.0 |   856
               +---------+---------+-------+---------+---------+-------+---------
           D:1 |       0 |      35 |   0.0 |       0 |      20 |   0.0 |   603
           D:2 |       0 |       2 |   0.0 |       0 |       2 |   0.0 |   251
               +---------+---------+-------+---------+---------+-------+---------

Table legend:
 A = Turns spent in this place as a percentage of turns spent in the entire game.
 B = Non-inter-level travel turns spent in this place as a percentage of non-inter-level travel turns spent in the entire game.
 C = Inter-level travel turns spent in this place as a percentage of turns spent in this place.
 D = Turns resting spent in this place as a percentage of non-inter-level travel turns spent in this place.
 E = Turns spent auto-exploring this place as a percentage of non-inter-level travel turns spent in this place.
 F = Non-inter-level travel turns spent in this place divided by the number of levels of this place that you've seen.
                   A       B       C       D       E      F
               +-------+-------+-------+-------+-------+----------------------
         Total | 100.0 | 100.0 |   1.8 |   0.0 |   0.0 | 280.3
       Dungeon | 100.0 | 100.0 |   1.8 |   0.0 |   0.0 | 280.3
               +-------+-------+-------+-------+-------+----------------------

Table legend:
 A = Kills in this place as a percentage of kills in entire the game.
 B = Kills by you in this place as a percentage of kills by you in the entire game.
 C = Kills by friends in this place as a percentage of kills by friends in the entire game.
 D = Other kills in this place as a percentage of other kills in the entire game.
 E = Experience gained in this place as a percentage of experience gained in the entire game.
 F = Experience gained in this place divided by the number of levels of this place that you have seen.
                   A       B       C       D       E      F
               +-------+-------+-------+-------+-------+----------------------
         Total | 100.0 | 100.0 |   N/A |   N/A | 100.0 |  12.3
       Dungeon | 100.0 | 100.0 |   N/A |   N/A | 100.0 |  12.3
               +-------+-------+-------+-------+-------+----------------------

Vault maps used:
D:1:      lemuel_arrival_muddy
D:2:      lemuel_zombie_altar_yredelemnul, trog_hazing_becter
D:3:      amethyst_overflow_temple_binary, led_xom_imps, serial_forest,
          infiniplex_forest_clump_cross, infiniplex_forest_diagonal,
          infiniplex_forest_clump_C, infiniplex_forest_side_room,
          infiniplex_forest_straight_5, infiniplex_forest_end_double,
          infiniplex_forest_lined_room_3, gup_sewer_entry_bubbles,
          nicolae_ru_path_of_blood, uniq_sigmund, uniq_crazy_yiuf_cottage,
          uniq_ijyb
